 Dungeon Crawl Stone Soup version 0.30.1-11-g7821555f0a (webtiles) character file.

Game seed: 2637701581388730855

25 Aviaq the Sneak (level 3, -2/26 HPs)
             Began as a Djinni Enchanter on Jan 10, 2024.
             Killed by divine providence
             ... invoked by an orc priest
              (7 damage)
             ... on level 2 of the Dungeon.
             The game lasted 00:03:33 (809 turns).

Aviaq the Sneak (Djinni Enchanter)                   Turns: 809, Time: 00:03:34

Health: -2/26      AC:  2    Str:  7    XL:     3   Next: 17%
Gold:   24         EV: 12    Int: 18    God:
                   SH:  0    Dex: 13

rFire   + + .        a - +1 dagger
rCold   x . .        (no shield)
rNeg    . . .        b - +0 robe
rPois   ∞            (no helmet)
rElec   .            (no cloak)
rCorr   .            (no gloves)
SInv    .            (boots unavailable)
Will    .....        (no amulet)
Stlth   ++           (no ring)
HPRegen 0.24/turn    (no ring)
MPRegen 0.00/turn

%: infuse magic (-3 HP)
@: flying
A: sickness immunity, fire resistance 2, cold vulnerability 1, float, innate
caster, HP casting, extra vitality 1
a: no special abilities


You were on level 2 of the Dungeon.
You visited 1 branch of the dungeon, and saw 4 of its levels.

You collected 24 gold pieces.

Inventory:

Hand Weapons
 a - a +1 dagger (weapon)
Armour
 b - a +0 robe (worn)
Jewellery
 e - an amulet of the acrobat
Scrolls
 d - a scroll of fog {unknown}


   Skills:
 * Level 0.6 Fighting
 * Level 1.2 Short Blades
 * Level 0.6 Armour
 * Level 2.3 Dodging
 * Level 2.7 Stealth
 * Level 2.6 Spellcasting


You knew the following spells:

 Your Spells              Type           Power      Damage    Failure   Level
a - Ensorcelled Hibernat  Hex/Ice        24%        N/A       9%          2
b - Confusing Touch       Hex            12%        N/A       17%         3
c - Tukima's Dance        Hex            12%        N/A       17%         3
d - Dazzling Flash        Conj/Hex       24%        N/A       17%         3
e - Beastly Appendage     Tmut           24%        N/A       5%          1
Your spell library was empty.

Dungeon Overview and Level Annotations

Branches:
Dungeon (4/15)
 Temple: D:4-7

Altars:


Innate Abilities, Weirdness & Mutations

You are immune to sickness and miasma.
You are immune to poison.
Your flesh is very heat resistant. (rF++)
You are vulnerable to cold. (rC-)
You float through the air rather than walking.
You learn spells naturally, not from books.
Your magical power is your life essence.
You have superior vitality. (+4 MHP)


Message History

You hit the orc but do no damage.
The orc is severely wounded.
The orc hits you with a +0 club. The orc hits you with a +0 club.
The orc priest casts a cantrip, but nothing happens.
The giant cockroach closely misses you.
You fly upwards.
There is a stone staircase leading down here.
Casting: Ensorcelled Hibernation (safe; 9% risk of failure)
Confirm with . or Enter, or press ? or * to list all spells.
The spell is quite dangerous to miscast (17% risk of failure)!
Continue anyway?
Your hands begin to glow red.
The orc hits you with a +0 club. The giant cockroach closely misses you.
The orc priest hits you with a +0 whip.
You barely miss the orc priest. The orc misses you.
The giant cockroach completely misses you.
The orc priest hits you with a +0 whip.
* * * LOW HITPOINT WARNING * * *
Unknown command.
You hit the orc priest but do no damage.
The orc priest appears confused.
The orc closely misses you. The giant cockroach barely misses you.
The orc priest barely misses you.
You hit the orc.
You kill the orc!
The giant cockroach bites you.
* * * LOW HITPOINT WARNING * * *
Unknown command.
The giant cockroach closely misses you.
You closely miss the giant cockroach.
The orc priest seems less confused.
The giant cockroach bites you.
* * * LOW HITPOINT WARNING * * *
You hit the giant cockroach.
The giant cockroach is heavily wounded.
The giant cockroach bites you.
* * * LOW HITPOINT WARNING * * *
You hit the giant cockroach.
The giant cockroach is severely wounded.
The giant cockroach bites you but does no damage.
The orc priest calls down the wrath of Beogh upon you.
Beogh smites you!
You die...

######### #.......#
#.......# #.......# ####
#.......# #... #.......#
#.#.
#.......################.#.
#.)..o...B@................
#####.).#####....##.####..#
###...###...÷##.# #..#
####...#....##.# #..#
#......#....##(####...
#......)....##......#.
#......#.....########.
#......#..............
#......#######........


You could see an orc priest and a giant cockroach.

Vanquished Creatures
  A worm (D:2)
  A dart slug (D:1)
  An orc (D:2)
  2 ball pythons (D:2)
  2 goblins (D:2)
  2 hobgoblins
  4 kobolds
  2 quokkas
  2 frilled lizards
  2 rats (D:2)
19 creatures vanquished.

Notes
Turn   | Place    | Note
-------+----------+-------------------------------------------
     0 | D:1      | Aviaq the Djinni Enchanter began the quest for the Orb.
     0 | D:1      | Aviaq set off with the following spells memorised:
                  | Ensorcelled Hibernation, Confusing Touch, Tukima's Dance,
                  | Dazzling Flash.
     0 | D:1      | Reached XP level 1. HP: 15/15 MP: 0/0
    54 | D:1      | Reached skill level 1 in Short Blades
    54 | D:1      | Reached XP level 2. HP: 18/22 MP: 0/0
   588 | D:2      | Reached XP level 3. HP: 16/26 MP: 0/0
   588 | D:2      | Learned a level 1 spell: Beastly Appendage
   809 | D:2      | Killed from afar by an orc priest

Illustrated notes

Levels and vault maps discovered:
D:1:      dpeg_arrival_simpleton_c, layout_basic
D:2:      layout_basic, basic_ecumenical_altar
D:3:      layout_basic, nicolae_ru_awakened_eye,
          minmay_fractal_squares_diagonal_5
D:4:      layout_layer_cave, lemuel_doored_altar, uniq_edmund, uniq_robin

Skill      XL: |  1 |
---------------+----+-----
Short Blades   | 1 |  1.2
Fighting       | |  0.6
Armour         | |  0.6
Dodging        | |  2.3
Stealth        | |  2.7
Spellcasting   | |  2.6

Action                     || total
---------------------------++-------
  Melee: Dagger            ||    83
         Punch             ||     2
   Cast: Ensorcelled Hiber ||    11
         Confusing Touch   ||     1
    Use: Potion            ||     2
   Stab: Sleeping          ||     4
         Invisible         ||     2
 Armour: Robe              ||    13
  Dodge: Dodged            ||    59
